 Dungeon Crawl Stone Soup version 0.30-a0-778-g2ef04afb54 (webtiles) character file.

Game seed: 4282472029182514010

307 Shayle the Conjurer (level 6, 0/69 HPs)
             Began as a Demonspawn Conjurer on Feb 16, 2023.
             Killed from afar by Duvessa (7 damage)
             ... with a puff of flame
             ... on level 4 of the Dungeon.
             The game lasted 00:11:11 (3369 turns).

Shayle the Conjurer (Demonspawn Conjurer)           Turns: 3369, Time: 00:11:12

Health: 0/69       AC: 23    Str:  7    XL:     6   Next: 16%
Magic:  7/10       EV:  2    Int: 21    God:
Gold:   122        SH:  0    Dex: 12    Spells: 8/11 levels left

rFire   . . .      SeeInvis .    j - +1 war axe (freeze)
rCold   . . .      Faith    .    (no shield)
rNeg    . . .      Spirit   .    (body armour currently unavailable)
rPois   +          Reflect  .    (helmet currently unavailable)
rElec   .          Harm     .    (cloak currently unavailable)
rCorr   .          Rampage  .    (gloves currently unavailable)
Will    .....      NoTele   +    (boots currently unavailable)
Stlth   +                        (no amulet)
HPRegen 0.31/turn                (no ring)
MPRegen 0.12/turn                (no ring)

@: lethally poisoned (0 -> -16), lit by a corona, tree-form, glowing
A: stationary, stasis, torment immunity, boosted hp, (hooves 1), (sanguine
armour 1), demonic magic 1, (beak), (electricity resistance)
a: no special abilities


You were on level 4 of the Dungeon.
You were a tree.
You visited 1 branch of the dungeon, and saw 4 of its levels.

You collected 122 gold pieces.

Inventory:

Hand Weapons
 g - a +2 dagger of venom
 j - a +1 war axe of freezing (weapon)
 k - a +0 trident
 n - a +0 dagger of speed
Armour
 a - a +0 robe (melded)
 f - a +0 cloak (melded)
 r - the +0 ring mail "Jaikh" {rN+}
   (You found it on level 4 of the Dungeon)

   rN:        It protects you from negative energy.
Magical Staves
 d - a staff of fire
Wands
 l - a wand of charming (10)
Scrolls
 h - 4 scrolls of teleportation
 o - a scroll of fear
Potions
 c - 2 potions of brilliance
 m - a potion of resistance {unknown}
 q - a potion of mutation


   Skills:
 + Level 2.4 Fighting
 + Level 3.1 Dodging
 + Level 3.2 Stealth
 + Level 3.2 Spellcasting
 + Level 4.8 Conjurations


You had 8 spell levels left.
You knew the following spells:

 Your Spells              Type           Power      Damage    Failure   Level
a - Magic Dart            Conj           92%        1d7       1%          1
b - Searing Ray           Conj           46%        2d6       2%          2

Your spell library contained the following spells:

 Spells                   Type           Power      Damage    Failure   Level
 Dazzling Flash           Conj/Hex       26%        N/A       14%         3
 Fulminant Prism          Conj/Hex       6%         3d7       43%         4
 Iskenderun's Mystic Bla  Conj/Tloc      13%        2d5       43%         4


Dungeon Overview and Level Annotations

Branches:
Dungeon (4/15)
 Temple: D:4-7

Altars:
Dithmenos

Annotations:
D:3 3 runed translucent doors, mrtwister's ghost, weakling DrSu
D:4 Dowan; Duvessa; Grinder


Innate Abilities, Weirdness & Mutations

You are a tree.
Your roots penetrate the ground, keeping you stationary.
You cannot be teleported.
You are immune to unholy pain and torment.
Your maximum health is greatly increased.
Your equipment is partially melded.
((You have large cloven feet.))
((When seriously injured, your blood forms armour. (AC +0)))
Spells you cast may paralyse adjacent enemies.
((You have a beak for a mouth.))
((You are resistant to electric shocks. (rElec)))


Message History

Duvessa is severely wounded.
The searing ray hits the gnoll!
You kill the gnoll!
Dowan hits you but does no damage. The gnoll hits you but does no damage.
A gnoll sergeant comes into view. It is wielding a +0 spear of venom.
The searing ray hits Duvessa.
Duvessa is severely wounded.
You finish channelling your searing ray.
The gnoll hits you but does no damage. Dowan hits you but does no damage.
Magic courses through your body.
Duvessa is no longer paralysed.
Duvessa hits you with a +0 short sword of venom.
You are poisoned.
Dowan gestures wildly while chanting.
Dowan blinks!
The gnoll hits you but does no damage. Duvessa hits you but does no damage.
Casting: Searing Ray (safe; 2% risk of failure)
Confirm with . or Enter, or press ? or * to list all spells.
Aiming: Searing Ray (safe; 2% risk of failure)
Press: ? - help, Shift-Dir - straight line The searing ray hits Duvessa.
Duvessa is severely wounded.
The searing ray hits the gnoll.
The gnoll is moderately wounded. (Press . to maintain the ray.) Malevolent energies surge around you.
You feel very sick.
Dowan casts a spell.
Dowan blinks!
Duvessa hits you with a +0 short sword of venom!
* * * LOW HITPOINT WARNING * * *
You are lethally poisoned!
The gnoll hits you but does no damage.
The searing ray hits Duvessa.
Duvessa is almost dead.
The searing ray hits the gnoll.
The gnoll is severely wounded.
* * * LOW HITPOINT WARNING * * *
You feel very sick.
Duvessa zaps a wand.
The puff of flame hits you!
You die...

###.#...###.#....# #.#####.†
...........#....###.#####.†
###.#.......................
............................
#......#####....###########
#......#...............
##......#...............
........#...############
##.#....#..♣# .........#..e#
...>.....#§g.#
.........#..)#
.........#..g#
.....#...+e..#
.........#...#
.........#...#
.........#....


You could see Duvessa (fast), a gnoll sergeant, Dowan (empowered) and a gnoll.

Vanquished Creatures
  2 phantoms (D:4)
  Terence (D:2)
  2 gnolls (D:4)
  5 adders
  2 worms
  2 dart slugs
  An orc (D:3)
  2 endoplasms
  2 giant cockroaches (D:1)
  10 goblins
  7 hobgoblins
  3 quokkas
  6 ball pythons
  6 bats
  A frilled lizard (D:1)
  8 kobolds
  A rat (D:1)
61 creatures vanquished.

Notes
Turn   | Place    | Note
-------+----------+-------------------------------------------
     0 | D:1      | Shayle the Demonspawn Conjurer began the quest for the Orb.
     0 | D:1      | Reached XP level 1. HP: 13/13 MP: 3/3
   287 | D:1      | Gained mutation: Spells you cast may paralyse adjacent
                  | enemies. [demonic ancestry]
   287 | D:1      | Reached XP level 2. HP: 20/20 MP: 1/5
   290 | D:1      | Learned a level 2 spell: Searing Ray
  1511 | D:2      | Reached skill level 1 in Fighting
  1511 | D:2      | Reached XP level 3. HP: 10/26 MP: 3/6
  1902 | D:2      | Noticed Terence
  1911 | D:2      | HP: 1/26 [Terence/+0 trident (9)]
  1912 | D:2      | Gained mutation: You have a beak for a mouth. [potion of
                  | mutation]
  1912 | D:2      | Gained mutation: You are resistant to electric shocks.
                  | (rElec) [potion of mutation]
  1915 | D:2      | Killed Terence
  1916 | D:2      | Reached XP level 4. HP: 15/32 MP: 0/7
  2755 | D:3      | Found a runed translucent gate.
  2755 | D:3      | Found a runed translucent gate.
  2755 | D:3      | Found a runed translucent gate.
  2757 | D:3      | Noticed mrtwister's ghost (weakling DrSu)
  3192 | D:4      | Found a shadowy altar of Dithmenos.
  3192 | D:4      | Noticed a phantom
  3199 | D:4      | Noticed Grinder
  3204 | D:4      | Identified the +0 ring mail "Jaikh" {rN+}
  3213 | D:4      | Killed a phantom
  3214 | D:4      | Gained mutation: You have large cloven feet. [demonic
                  | ancestry]
  3214 | D:4      | Reached XP level 5. HP: 18/38 MP: 5/9
  3228 | D:4      | Noticed a phantom
  3245 | D:4      | Killed a phantom
  3246 | D:4      | Gained mutation: When seriously injured, your blood forms
                  | armour. (AC +0) [demonic ancestry]
  3246 | D:4      | Reached XP level 6. HP: 29/45 MP: 3/10
  3352 | D:4      | Noticed Duvessa
  3352 | D:4      | Noticed Dowan
  3369 | D:4      | Killed from afar by Duvessa

Illustrated notes

Levels and vault maps discovered:
D:1:      dpeg_arrival_round_b, layout_basic
D:2:      layout_loops_ring, minmay_goblin_outpost, uniq_terence
D:3:      layout_loops_ring, ebering_ghost_rock_garden
D:4:      layout_basic, nicolae_overflow_crystal_walls,
          lightli_ossuary_entry_decrepit_ruins, uniq_grinder, uniq_duvessa

Skill      XL: |  1  2  3  4  5 |
---------------+----------------+-----
Stealth        | 2 3 |  3.2
Dodging        | 2 3 |  3.1
Fighting       | 1 2 |  2.4
Spellcasting   | 3 |  3.2
Conjurations   | |  4.8

Action                     |  1- 3 |  4- 6 || total
---------------------------+-------+-------++-------
  Melee: Trident           |    20 |    25 ||    45
         War axe           |       |    30 ||    30
         Peck              |       |     5 ||     5
         Kick              |       |     2 ||     2
         Punch             |       |     1 ||     1
   Cast: Magic Dart        |    54 |     2 ||    56
         Searing Ray       |     7 |    11 ||    18
    Use: Potion            |     4 |     5 ||     9
         Scroll            |       |     3 ||     3
   Stab: Sleeping          |       |     3 ||     3
         Paralysed         |       |     1 ||     1
 Armour: Robe              |     6 |    16 ||    22
         Skin              |       |     8 ||     8
  Dodge: Dodged            |    30 |    39 ||    69

Table legend: (Time is in decaauts)
 A = Elapsed time spent in this place.
 B = Non-inter-level travel time spent in this place.
 C = Inter-level travel time spent in this place.
 D = Time resting spent in this place.
 E = Time spent auto-exploring this place.
 F = Levels seen in this place.
 G = Mean time per level.
                   A        B        C        D        E       F      G
               +--------+--------+--------+--------+--------+-----+--------+
         Total |   3378 |   3211 |    167 |    294 |   2275 |   4 |  844.5 |
       Dungeon |   3378 |   3211 |    167 |    294 |   2275 |   4 |  844.5 |
               +--------+--------+--------+--------+--------+-----+--------+

Top non-repeatable levels by time:
     D:2: 1251 daAuts
     D:1: 1189 daAuts
     D:3: 737 daAuts
     D:4: 199 daAuts
